 Dungeon Crawl Stone Soup version 0.29-a0-817-g9904bce7a6 (webtiles) character file.

Game seed: 11021204308433448424

6 gobodom the Grave Robber (level 1, 0/13 HPs)
             Began as a Demonspawn Necromancer on July 6, 2022.
             Was a Follower of Fedhas.
             Slain by a giant cockroach (2 damage)
             ... on level 1 of the Dungeon.
             The game lasted 00:00:52 (325 turns).

gobodom the Grave Robber (Demonspawn Necromancer)    Turns: 325, Time: 00:00:52

Health: 0/13       AC:  2    Str:  8    XL:     1   Next: 75%
Magic:  0/3        EV: 12    Int: 16    God:    Fedhas [*.....]
Gold:   8          SH:  0    Dex: 13    Spells: 3/4 levels left

rFire   . . .      SeeInvis .   (no weapon)
rCold   . . .      Faith    .   (no shield)
rNeg    . . .      Spirit   .   a - +0 robe
rPois   .          Reflect  .   (no helmet)
rElec   .          Harm     .   (no cloak)
rCorr   .          Rampage  .   (no gloves)
Will    .....                   (no boots)
Stlth   ++........              (no amulet)
HPRegen 0.04/turn               (no ring)
MPRegen 0.08/turn               (no ring)

@: no status effects
A: no striking features
a: Renounce Religion


You were on level 1 of the Dungeon.
You worshipped Fedhas.
Fedhas was aware of your devotion.
You visited 1 branch of the dungeon, and saw 1 of its levels.

You collected 8 gold pieces.

Inventory:

Armour
 a - a +0 robe (worn)
Potions
 b - a potion of magic
 c - 2 potions of heal wounds {unknown}


   Skills:
 + Level 1.8 Dodging
 + Level 1.8 Stealth
 + Level 2.0 Spellcasting
 + Level 4.7 Necromancy


You had 3 spell levels left.
You knew the following spells:

 Your Spells              Type           Power      Damage    Failure   Level
a - Necrotise             Necr           64%        1d7       3%          1

Your spell library contained the following spells:

 Spells                   Type           Power      Damage    Failure   Level
 Vampiric Draining        Necr           16%        2d7       9%          3
 Animate Dead             Necr           16%        N/A       30%         4
 Agony                    Necr           16%        N/A       63%         5


Dungeon Overview and Level Annotations

Branches:
Dungeon (1/15)

Altars:
Fedhas


Message History

The kobold hits your rat skeleton with a +0 whip.
The kobold barely resists.
Your rat skeleton barely misses the kobold.
The kobold hits your rat skeleton with a +0 whip.
You are out of magic!
Your rat skeleton bites the kobold but does no damage.
The giant cockroach bites your rat skeleton.
You closely miss the kobold.
The giant cockroach bites your rat skeleton.
The kobold barely misses you.
Your rat skeleton barely misses the giant cockroach.
You hit the kobold but do no damage.
The giant cockroach bites your rat skeleton.
Your rat skeleton is destroyed!
The kobold completely misses you.
You hit the kobold but do no damage. The kobold hits you with a +0 whip.
You barely miss the kobold. The giant cockroach misses you.
The kobold closely misses you.
You closely miss the kobold.
The giant cockroach closely misses you. x2
The kobold hits you but does no damage.
You hit the kobold but do no damage. The giant cockroach bites you.
The kobold hits you with a +0 whip.
You miss the kobold. The giant cockroach misses you.
The kobold hits you with a +0 whip.
* * * LOW HITPOINT WARNING * * *
You barely miss the kobold. The giant cockroach barely misses you.
The kobold misses you.
You are too injured to fight recklessly!
Casting: Necrotise (safe; 3% risk of failure)
Confirm with . or Enter, or press ? or * to list all spells.
Aiming: Necrotise (safe; 3% risk of failure)
Press: ? - help, Shift-Dir - straight line, f/p - kobold
Aim: a kobold, wielding a +0 whip (chance to affect: 86%)
The kobold writhes in agony.
You kill the kobold!
Fedhas appreciates your contribution to the ecosystem.
The dead are walking!
The giant cockroach closely misses you. The giant cockroach bites you.
You die...
Fedhas appreciates your contribution to the ecosystem.

.#....### ####.....
.#.#..... ........
.......#####
#.......
.......#8..#8#.....#
.......#^#.#.#.....#
.......#.....#$....#
...........# #.)Z..#
...........###.B...#
..........._....@..#
...........###....>#
.##.....^..# #######
####...#.....#
#...#^#.#^#
#####8..#8# ##### #


You could see a giant cockroach (ally target) and a friendly kobold skeleton.

Vanquished Creatures
  A dart slug (D:1)
  A bat (D:1)
  A kobold (D:1)
  A rat (D:1)
4 creatures vanquished.

Notes
Turn   | Place    | Note
-------+----------+-------------------------------------------
     0 | D:1      | gobodom the Demonspawn Necromancer began the quest for the
                  | Orb.
     0 | D:1      | Reached XP level 1. HP: 13/13 MP: 3/3
   300 | D:1      | Found a faded altar of an unknown god.
   308 | D:1      | Prayed at the altar of an unknown god.
   308 | D:1      | Became a worshipper of Fedhas Madash
   308 | D:1      | Reached * piety under Fedhas
   325 | D:1      | Slain by a giant cockroach

Illustrated notes

Levels and vault maps discovered:
D:1:      wander_arrival_chamber, layout_rooms,
          shapermc_ecumenical_altar_mp_highgroup, minmay_lizard_king

Action                   || total
-------------------------++-------
Melee: Unarmed           ||    11
 Cast: Necrotise         ||     9
Armor: Robe              ||     1
Dodge: Dodged            ||    13

Table legend: (Time is in decaauts)
 A = Elapsed time spent in this place.
 B = Non-inter-level travel time spent in this place.
 C = Inter-level travel time spent in this place.
 D = Time resting spent in this place.
 E = Time spent auto-exploring this place.
 F = Levels seen in this place.
 G = Mean time per level.
                   A        B        C        D        E       F      G
               +--------+--------+--------+--------+--------+-----+--------+
         Total |    325 |    325 |      0 |    246 |     38 |   1 |  325.0 |
       Dungeon |    325 |    325 |      0 |    246 |     38 |   1 |  325.0 |
               +--------+--------+--------+--------+--------+-----+--------+

Top non-repeatable levels by time:
     D:1: 325 daAuts
